 Dungeon Crawl Stone Soup version 0.28-a0-697-g47f3eba078 (webtiles) character file.

Game seed: 5926977375963742214

198 ytrimaz the Covered (level 6, -2/48 HPs)
             Began as a Formicid Fighter on Oct 24, 2021.
             Was an Initiate of Okawaru.
             Shot with an arrow by a centaur (6 damage)
             ... on level 7 of the Dungeon.
             The game lasted 00:03:33 (3072 turns).

ytrimaz the Covered (Formicid Fighter)              Turns: 3072, Time: 00:03:34

Health: -2/48      AC:  8    Str: 29    XL:     6   Next: 5%
Magic:  6/6        EV: 10    Int:  7    God:    Okawaru [......]
Gold:   171        SH:  4    Dex: 10    Spells: 5/5 levels left

rFire   . . .      SeeInvis +   a - +0 war axe
rCold   . . .      Faith    .   c - +0 buckler
rNeg    . . .      Spirit   .   b - +1 scale mail
rPois   .          Reflect  .   (helmet unavailable)
rElec   .          Harm     .   (no cloak)
rCorr   .          Rampage  .   (no gloves)
Will    .....                   (no boots)
Stlth   ..........              (no amulet)
HPRegen 0.16/turn               k - +6 ring of strength
MPRegen 0.10/turn               (no ring)

@: no status effects
A: permanent stasis, dig shafts and tunnels, antennae 3, four strong arms
a: Dig, Shaft Self, Renounce Religion


You were on level 7 of the Dungeon.
You worshipped Okawaru.
Okawaru was noncommittal.
You visited 1 branch of the dungeon, and saw 5 of its levels.

You collected 171 gold pieces.

Inventory:

Hand Weapons
 a - a +0 war axe (weapon)
 n - a +2 vorpal hand axe
Armour
 b - a +1 scale mail (worn)
 c - a +0 buckler (worn)
Jewellery
 k - a +6 ring of strength (left hand)
 m - a ring of fire
 o - a ring of positive energy
Scrolls
 g - a scroll of fear
 p - a scroll of amnesia
Potions
 d - 4 potions of might
 e - a potion of lignification
 f - 2 potions of brilliance {unknown}
 h - a potion of curing
 i - a potion of attraction {unknown}
 j - a potion of degeneration {unknown}
 l - a potion of haste {unknown}
 q - a potion of mutation {unknown}


   Skills:
 + Level 3.9 Fighting
 + Level 3.8 Axes
 + Level 4.7 Armour
 - Level 0.1 Dodging
 - Level 0.4 Stealth
 - Level 4.1 Shields
 * Level 1.3 Invocations


You had 5 spell levels left.
You didn't know any spells.
Your spell library contained the following spells:

 Spells                   Type           Power      Damage    Failure   Level
 Sublimation of Blood     Necr           0%         N/A       82%         2
 Wereblood                Tmut           0%         N/A       82%         2
 Summon Hydra             Summ           Unusable   N/A       N/A         7

Dungeon Overview and Level Annotations

Branches:
Dungeon (4/15)
 Temple: D:4-7

Altars:
Cheibriados
Elyvilon
Fedhas
Nemelex Xobeh
Okawaru
Wu Jian

Shops:
D:2 *:

Annotations:
D:4 Menkaure


Innate Abilities, Weirdness & Mutations

You cannot be hasted, slowed, berserked, paralysed or teleported.
You can dig through walls and to a lower floor.
You have a pair of large antennae on your head. (SInv)
Your four strong arms can wield two-handed weapons with a shield.


Message History

Found a stone staircase leading up.
q - a smoky pink potion Menkaure, Prince of Dust comes into view.
Menkaure shouts!
Menkaure is nearby!
Menkaure is nearby!
Menkaure calls on the powers of darkness!
Your body is wracked with pain!
A hobgoblin comes into view.
Are you sure you want to shaft yourself?
You begin to dig a shaft.
You continue digging a shaft.
A shaft appears beneath you!
You fall into a shaft and drop 3 floors!
The shaft crumbles and collapses.
The centaur shouts!
The ogre shouts!
Found 48 stones.
The centaur wields a +0 shortbow.
The centaur shoots an arrow.
The arrow hits you.
A centaur comes into view.
The centaur shoots an arrow.
The arrow hits you!
* * * LOW HITPOINT WARNING * * *
An orc comes into view. It is wielding a +0 falchion.
The orc shouts!
The centaur shouts!
The centaur wields a +0 shortbow.
The centaur shoots an arrow.
The arrow hits you.
* * * LOW HITPOINT WARNING * * *
The centaur shoots an arrow.
You block the arrow.
The centaur unwields a +0 shortbow.
You block the centaur's attack.
The centaur kicks you but does no damage.
Are you sure you want to shaft yourself?
The centaur barely misses you. The centaur kicks you.
* * * LOW HITPOINT WARNING * * *
You begin to dig a shaft.
You continue digging a shaft.
The centaur shoots an arrow.
The arrow hits you.
* * * LOW HITPOINT WARNING * * *
The centaur closely misses you.
The centaur kicks you but does no damage.
The centaur shoots an arrow.
The arrow hits you.
You die...

..(#.###.#.#
#.##.#....{ .##
#c##o#.#.#
...(###{##.....#.#
.................
#....O.c.(.#
########.### #.#
#@# #.c# #.## #.
#. #. #. #.


You could see 2 centaurs and an orc.

Vanquished Creatures
  A water moccasin skeleton (D:4)
  A hound (D:4)
  An orc wizard (D:4)
  A hound skeleton (D:4)
  3 adders
  2 worms
  5 orcs
  A bat (D:3)
  4 endoplasms
  3 giant cockroaches (D:2)
  3 goblins
  3 hobgoblins (D:2)
  2 kobolds
  A quokka (D:3)
  6 ball pythons
  5 frilled lizards
  4 rats
46 creatures vanquished.

Vanquished Creatures (others)
  3 plants (D:3)
3 creatures vanquished.

Grand Total: 49 creatures vanquished

Notes
Turn   | Place    | Note
-------+----------+-------------------------------------------
     0 | D:1      | ytrimaz the Formicid Fighter began the quest for the Orb.
     0 | D:1      | Reached XP level 1. HP: 18/18 MP: 1/1
     0 | D:1      | Noticed a shadow dragon
     0 | D:1      | Noticed an iron dragon
     1 | D:1      | Noticed an iron dragon
     1 | D:1      | Noticed a yellow draconian
     3 | D:1      | Noticed an orb of fire
     6 | D:1      | Noticed an orb of fire
     9 | D:1      | Noticed an ice dragon
    11 | D:1      | Noticed an iron dragon
    15 | D:1      | Noticed an ice dragon
    15 | D:1      | Noticed a large abomination
    17 | D:1      | Noticed a large abomination
    19 | D:1      | Noticed an ice dragon
    19 | D:1      | Noticed an iron dragon
    22 | D:1      | Noticed a shadow dragon
   347 | D:1      | Reached XP level 2. HP: 12/24 MP: 2/2
   614 | D:1      | Found a faded altar of an unknown god.
   861 | D:2      | Reached XP level 3. HP: 29/29 MP: 3/3
  1162 | D:2      | Found Buecaill's Book Boutique.
  1339 | D:2      | Found Tenid's General Store.
  1350 | D:2      | Found a sparkling altar of Nemelex Xobeh.
  1746 | D:3      | Found a white marble altar of Elyvilon.
  1838 | D:3      | Reached XP level 4. HP: 35/35 MP: 4/4
  2366 | D:3      | Found an iron altar of Okawaru.
  2367 | D:3      | Found a snail-covered altar of Cheibriados.
  2368 | D:3      | Found an ornate altar of the Wu Jian Council.
  2369 | D:3      | Found a blossoming altar of Fedhas.
  2372 | D:3      | Became a worshipper of Warmaster Okawaru
  2703 | D:4      | Reached XP level 5. HP: 42/42 MP: 5/5
  2883 | D:4      | Reached skill level 1 in Invocations
  2883 | D:4      | Reached XP level 6. HP: 21/48 MP: 4/6
  3059 | D:4      | Noticed Menkaure
  3065 | D:4      | You fall into a shaft and drop 3 floors!
  3065 | D:7      | Noticed an ogre
  3072 | D:7      | Shot with an arrow by a centaur

Illustrated notes

Levels and vault maps discovered:
D:1:      shiori_arrival_whats_in_store_for_you, layout_rooms,
          shapermc_ecumenical_altar_pompeii, kennysheep_decorative_pillar
D:2:      layout_basic, serial_shops, nicolae_square_shop, nicolae_shop_stone,
          basic_altar, wander_ebering_terrifying_dragon_lair
D:3:      layout_basic, mainiacjoe_overflow_alcove_3, marbit_many_paths,
          kennysheep_another_room, guppyfry_early_lair_pool
D:4:      layout_rooms, st_stairs_6, uniq_menkaure, uniq_pikel
D:7:      layout_loops_ring, overflow_temple_1_default, temple_doors_e,
          uniq_maggie

Skill      XL: |  1  2  3  4  5 |
---------------+----------------+-----
Armour         | 4 |  4.7
Axes           | 3 |  3.8
Shields        | 4 |  4.1
Invocations    | 1 |  1.3
Fighting       | |  3.9
Dodging        | |  0.1
Stealth        | |  0.4

Action                   |  1- 3 |  4- 6 || total
-------------------------+-------+-------++-------
Melee: War axe           |    78 |    38 ||   116
 Abil: Dig               |     9 |       ||     9
       Shaft Self        |       |     2 ||     2
  Use: Scroll            |     4 |     4 ||     8
Armor: Scale mail        |    38 |    29 ||    67
Dodge: Dodged            |    50 |    28 ||    78
Block: Buckler           |    13 |    16 ||    29

Table legend: (Time is in decaauts)
 A = Elapsed time spent in this place.
 B = Non-inter-level travel time spent in this place.
 C = Inter-level travel time spent in this place.
 D = Time resting spent in this place.
 E = Time spent auto-exploring this place.
 F = Levels seen in this place.
 G = Mean time per level.
                   A        B        C        D        E       F      G
               +--------+--------+--------+--------+--------+-----+--------+
         Total |   3120 |   3053 |     67 |    324 |   2167 |   5 |  624.0 |
       Dungeon |   3120 |   3053 |     67 |    324 |   2167 |   5 |  624.0 |
               +--------+--------+--------+--------+--------+-----+--------+

Top non-repeatable levels by time:
     D:3: 1070 daAuts
     D:2: 926 daAuts
     D:1: 738 daAuts
     D:4: 377 daAuts
     D:7: 6 daAuts
